[Event "Betsys MČR v online bleskovém šachu 2021"]
[Site "Chess.com"]
[Date "2021.04.17"]
[Round "3"]
[White "Petroniuss"]
[Black "Daffac"]
[Result "0-1"]
[WhiteElo "2292"]
[BlackElo "2102"]
[TimeControl "180+1"]
[EndTime "9:26:54 PDT"]
[Termination "Uživatel Daffac zvítězil po vzdání soupeře"]

1. e4 c6 2. d3 d5 3. Nd2 e5 4. Ngf3 Bd6 5. g3 Nf6 6. Bg2 O-O 7. O-O Re8 8. Re1 Nbd7 9. c3 a5 10. a4 Nf8 11. Qc2 Ng6 12. Nf1 Be6 13. Ng5 Bd7 14. Ne3 d4 15. Nf5 Bxf5 16. exf5 Ne7 17. Be4 Ned5 18.
c4 Nb4 19. Qe2 h6 20. Nf3 Nxe4 21. dxe4 d3 22. Qe3 Nc2 23. Qxd3 Nxa1 24. Be3 Bb4 25.
Qxd8 Raxd8 26. Rxa1 Rd3 27. Rc1 f6 28. Kf1 Red8 29.
Ke2 Kf7 30. Ne1 Rd2+ 31. Bxd2 Rxd2+ 32. Ke3 Rxb2 33. Nd3 Bd2+ 34. Kf3 Bxc1 35. Nxc1 Rc2 36. Nd3 Rxc4 37. Ke3 Rxa4 38. Nc5 Rb4 39. f4 exf4+ 40. gxf4 a4 41. e5 a3 42. e6+ Ke7 43. Nd3 Rb3 44. Kd2 Rxd3+ 45. Kxd3 a2 0-1

[Event "Betsys MČR v online bleskovém šachu 2021"]
[Site "Chess.com"]
[Date "2021.04.17"]
[Round "3"]
[White "Danyjel"]
[Black "Patriktesko"]
[Result "0-1"]
[WhiteElo "1711"]
[BlackElo "2072"]
[TimeControl "180+1"]
[EndTime "9:26:57 PDT"]
[Termination "Uživatel Patriktesko zvítězil na čas"]

1. e4 d5 2. exd5 Qxd5 3. Nc3 Qd8 4. Bc4 Nf6 5. d3 Bg4 6. f3 Bh5 7. Qe2 e6 8. Bd2 c6 9. O-O-O Nbd7 10. g4 Bg6 11. f4 Be7 12. h4 Nb6 13. Bb3 h6 14.
Re1 Nfd5 15. Nxd5 cxd5 16. f5 exf5 17. gxf5 Bxf5 18. Bb4 Be6 19. Bxe7 Qxe7 20. Nf3 O-O-O 21. Kb1 Qd6 22. Nd4 Rhe8 23. Qg2 g6 24. Nb5 Qc5 25. Nc3 a6 26. Na4 Nxa4 27. Bxa4 b5 28. Bb3 Kb8 29. Qd2 h5 30. Qa5 Kb7 31. Re5 Qb6 32. Qxb6+ Kxb6 33. Rhe1 Rf8 34. d4 Kc6 35. c3 Rd6 36.
Bc2 a5 37. Bxg6 fxg6 38. Rxe6 Rf6 39. Rxd6+ Kxd6 0-1

[Event "Betsys MČR v online bleskovém šachu 2021"]
[Site "Chess.com"]
[Date "2021.04.17"]
[Round "3"]
[White "Hapinka"]
[Black "KarelZalesky"]
[Result "1-0"]
[WhiteElo "1854"]
[BlackElo "1087"]
[TimeControl "180+1"]
[EndTime "9:26:57 PDT"]
[Termination "Uživatel Hapinka zvítězil na čas"]

1. e4 c5 2. Nf3 d6 3. d4 cxd4 4. Nxd4 Nf6 5. Nc3 a6 6. Be2 Nc6 7. Be3 e5 8. Nf3 h6 9. O-O Be6 10. Qd2 Be7 11. Rad1 Ng4 12. h3 Nxe3 13. Qxe3 b5 14.
Nd5 Bxd5 15. Rxd5 Qc7 16. c3 O-O 17. Rfd1 Rac8 18. Nh2 b4 19. Bxa6 Ra8 20. Bc4 bxc3 21. Qxc3 Nd4 22. Qd3 Rfc8 23. Bb3 Ra5 24. Rxa5 Qxa5 25.
Nf3 Nxb3 26. Qxb3 Ra8 27. a3 Qa6 28. Qd3 Qb6 29. Qc3 Rb8 30. Rd2 g6 31. Ne1 Qb7 32. f3 Kg7 33. Nc2 Qa7+ 34. Kh2 Qc7 35. Qxc7 1-0

[Event "Betsys MČR v online bleskovém šachu 2021"]
[Site "Chess.com"]
[Date "2021.04.17"]
[Round "3"]
[White "kominekmart"]
[Black "Classemence"]
[Result "0-1"]
[WhiteElo "1576"]
[BlackElo "1929"]
[TimeControl "180+1"]
[EndTime "9:27:01 PDT"]
[Termination "Uživatel Classemence zvítězil matem"]

1. e4 e5 2. Nf3 Nc6 3. Bc4 Nf6 4. d3 Be7 5. c3 O-O 6. b4 d6 7. b5 Na5 8. Bb3 Nxb3 9. axb3 Bg4 10. h3 Bh5 11.
O-O c6 12. bxc6 bxc6 13. Nbd2 Qc7 14. b4 Rfd8 15. Ba3 a5 16. bxa5 Rxa5 17. Bb2 Rda8 18.
Rxa5 Rxa5 19. Qc2 h6 20. Ra1 Bg6 21. Rxa5 Qxa5 22. Qb3 Nh5 23. Qb8+ Kh7 24. Nc4 Qa2 25. Qe8 Bf6 26. Ba3 Qb1+ 27. Kh2 Qxd3 28. Nxd6 Nf4 29.
Nxf7 Bxf7 30. Qxf7 Qf1 31. Ne1 Qxe1 32. Qd7 Qxe4 33. Be7 Qxg2# 0-1

[Event "Betsys MČR v online bleskovém šachu 2021"]
[Site "Chess.com"]
[Date "2021.04.17"]
[Round "3"]
[White "Bartusman"]
[Black "MiroslavBucek"]
[Result "0-1"]
[WhiteElo "1967"]
[BlackElo "1623"]
[TimeControl "180+1"]
[EndTime "9:27:04 PDT"]
[Termination "Uživatel MiroslavBucek zvítězil na čas"]

1. e4 e5 2. Nf3 Nc6 3. Bc4 Nf6 4. d4 exd4 5. O-O Be7 6. e5 Ng8 7. c3 d6 8. Qb3 Be6 9. Bxe6 fxe6 10. Qxe6 Nxe5 11. Nxd4 Qd7 12. Qb3 O-O-O 13. Nd2 Nf6 14. N2f3 Nxf3+ 15. Nxf3 h6 16. a4 a6 17. Qc4 g5 18. b4 Qg4 19. Qe2 Rde8 20. b5 a5 21. b6 c6 22. Bd2 Nd5 23. c4 Bf6 24. Qd3 Bxa1 25. cxd5 Be5 26. dxc6 bxc6 27. Qa6+ Kd7 28. Qb7+ Ke6 29. Qxc6 Rc8 30. Qb5 Rc5 31. Qb3+ Kf6 32. b7 Rb8 33. Qb6 Qd7 34. Bxa5 Rxb7 35.
Qa6 Ra7 36. Nxe5 Rxe5 0-1

[Event "Betsys MČR v online bleskovém šachu 2021"]
[Site "Chess.com"]
[Date "2021.04.17"]
[Round "3"]
[White "Zelezny1984"]
[Black "pavelchrz"]
[Result "1-0"]
[WhiteElo "2063"]
[BlackElo "1703"]
[TimeControl "180+1"]
[EndTime "9:27:05 PDT"]
[Termination "Uživatel Zelezny1984 zvítězil na čas"]

1. e4 c5 2. Nc3 Nc6 3. g3 g6 4. Bg2 Bg7 5. d3 d6 6. Nh3 Rb8 7. O-O Nd4 8. Be3 h5 9. f4 Bg4 10. Qd2 Qd7 11. Nf2 Nf3+ 12. Bxf3 Bxf3 13. h3 Nh6 14. d4 Ng4 15. hxg4 hxg4 16. dxc5 Rc8 17. cxd6 exd6 18. Bd4 f6 19. Ne2 Kf7 20. c3 Rh7 21. Be3 Qe8 22. Nd4 Qh8 23. Nxf3 gxf3 24. Qd1 Re8 25. Qxf3 d5 26. exd5 f5 27. Bd4 b6 28.
Bxg7 Kxg7 29. Rae1 Rf8 30. Re7+ Rf7 31. Rxf7+ Kxf7 32. Re1 1-0

[Event "Betsys MČR v online bleskovém šachu 2021"]
[Site "Chess.com"]
[Date "2021.04.17"]
[Round "3"]
[White "Bavorak15"]
[Black "Pokemonchess"]
[Result "0-1"]
[WhiteElo "1586"]
[BlackElo "1941"]
[TimeControl "180+1"]
[EndTime "9:27:07 PDT"]
[Termination "Uživatel Pokemonchess zvítězil po vzdání soupeře"]

1. e4 c5 2. Nf3 Nc6 3. d4 cxd4 4. Nxd4 g6 5. Be3 Bg7 6. Nc3 Nf6 7. Qd2 O-O 8. O-O-O Ng4 9. Nxc6 bxc6 10. Bg5 d6 11. f3 Ne5 12. Bh6 Be6 13. Bxg7 Kxg7 14. f4 Nd7 15. f5 gxf5 16. Qg5+ Kh8 17. exf5 Bd5 18.
Nxd5 cxd5 19. Rxd5 Nf6 20. Rd1 Qb6 21. Bc4 Rab8 22.
Bb3 a5 23. a4 Qc5 24. Qf4 Rxb3 25. Qd4 Qxd4 26. Rxd4 Rb4 27. Rhd1 Rxd4 28. Rxd4 Rc8 29.
c3 Nd7 30. Kd2 Nc5 31. Ke3 Rb8 32. b4 axb4 33. cxb4 Nxa4 34. f6 exf6 35. Rxd6 Rxb4 36. Rxf6 Kg7 37. Rf4 Rxf4 38. Kxf4 Nb6 39. h4 Nd7 40. g4 Nf6 41. g5 Ng8 42. Kf5 Ne7+ 43. Ke5 Ng6+ 44. Kf5 Nxh4+ 45. Kg4 Ng6 46. Kf5 Ne7+ 47. Kg4 f6 48. gxf6+ Kxf6 49. Kh5 Kg7 50. Kg5 h6+ 51.
Kh5 Kh7 52. Kh4 Kg6 53. Kg4 h5+ 54. Kh4 Kh6 55. Kg3 Kg6 56. Kh4 Nf5+ 57. Kh3 Kg5 58. Kg2 Kg4 59. Kh2 h4 60. Kg1 Kg3 61. Kh1 h3 62.
Kg1 Nh4 63. Kh1 Ng6 64. Kg1 Nf8 65. Kh1 Nd7 66. Kg1 Nc5 67. Kh1 Nd3 68. Kg1 Nf2 69. Kf1 h2 0-1

[Event "Betsys MČR v online bleskovém šachu 2021"]
[Site "Chess.com"]
[Date "2021.04.17"]
[Round "3"]
[White "CrisBenton4"]
[Black "DenisaD2008"]
[Result "1-0"]
[WhiteElo "1425"]
[BlackElo "978"]
[TimeControl "180+1"]
[EndTime "9:27:07 PDT"]
[Termination "Uživatel CrisBenton4 zvítězil matem"]

1. Nf3 Nc6 2. g3 e5 3. d3 d5 4. Bg2 Nf6 5. O-O Be6 6. Nbd2 Bd6 7. c4 dxc4 8. Nxc4 Bc5 9. a3 O-O 10. b4 Bd4 11. Nxd4 Nxd4 12. Bxb7 Rb8 13. Bg2 Qd7 14.
Nxe5 Qc8 15. Bb2 Nb3 16. Rb1 c5 17. Nc4 cxb4 18. Qxb3 Bxc4 19. dxc4 bxa3 20. Qxa3 Qxc4 21. Bxf6 gxf6 22. Qxa7 Rxb1 23. Rxb1 Qxe2 24. Qe3 Qc2 25. Rc1 Qb2 26. Qf4 h5 27. Re1 Qc3 28. Qe3 Qb4 29. Bf1 f5 30. Bd3 Qa5 31. Qg5+ Kh8 32. Qxh5+ Kg7 33. Qg5+ Kh8 34. Qe3 Rg8 35. Qe5+ Qxe5 36.
Rxe5 f6 37. Rxf5 Kh7 38. Rxf6+ Kg7 39. Rg6+ Kf8 40. Rxg8+ Kxg8 41. Kg2 Kg7 42. Kf3 Kf6 43. Kf4 Kf7 44. Kf5 Kg7 45. h4 Kf7 46. h5 Kg7 47. g4 Kh6 48. f4 Kg7 49. g5 Kh7 50. Kf6+ Kg8 51. g6 Kf8 52. h6 Kg8 53. Bc4+ Kh8 54.
g7+ Kh7 55. Bd3+ Kxh6 56. g8=Q Kh5 57. Be2+ Kh4 58. Qg4# 1-0

[Event "Betsys MČR v online bleskovém šachu 2021"]
[Site "Chess.com"]
[Date "2021.04.17"]
[Round "3"]
[White "karimaster100"]
[Black "NeumanPetr"]
[Result "1-0"]
[WhiteElo "2224"]
[BlackElo "2491"]
[TimeControl "180+1"]
[EndTime "9:27:09 PDT"]
[Termination "Uživatel karimaster100 zvítězil na čas"]

1. Nf3 d5 2. g3 g6 3. Bg2 Bg7 4. d4 Nf6 5. O-O O-O 6. c4 c6 7. b3 dxc4 8. bxc4 c5 9. Bb2 Qb6 10. Qc1 Ne4 11. e3 Nc6 12. Nc3 Nxc3 13. Bxc3 cxd4 14. exd4 Nxd4 15. Bxd4 Bxd4 16. Rb1 Qf6 17. Nxd4 Qxd4 18. Bxb7 Rb8 19. Bxc8 Rbxc8 20. Rd1 Qc5 21. Rb7 Rfd8 22. Rxd8+ Rxd8 23. Rb5 Qc6 24. Rb3 h5 25. h4 Rd4 26. c5 Qd5 27. Rb1 Rc4 28. Qh6 Qd8 29. Qe3 e6 30. Rc1 Rxc1+ 31. Qxc1 Qc7 32.
Qc4 Qc6 33. a4 Kf8 34. Qb5 Qf3 35. c6 1-0

[Event "Betsys MČR v online bleskovém šachu 2021"]
[Site "Chess.com"]
[Date "2021.04.17"]
[Round "3"]
[White "adasmrazek"]
[Black "pudltomik"]
[Result "1-0"]
[WhiteElo "1324"]
[BlackElo "763"]
[TimeControl "180+1"]
[EndTime "9:27:09 PDT"]
[Termination "Uživatel adasmrazek zvítězil matem"]

1. d4 d6 2. e4 f6 3. Nf3 e5 4.
Nc3 Bg4 5. d5 Na6 6. Be3 Nb4 7.
Be2 b6 8. O-O h5 9. h3 Bxf3 10.
Bxf3 g6 11. a3 Na6 12. b4 Qd7 13. Be2 Nb8 14. Bb5 c6 15. dxc6 Nxc6 16. Qd5 Nge7 17. Bxc6 Nxc6 18. b5 Rc8 19. bxc6 Rxc6 20. Nb5 a6 21. a4 axb5 22. axb5 Rc7 23. Ra8+ Ke7 24. Bxb6 Bg7 25. Bxc7 Rxa8 26. Qxa8 Qxc7 27. Ra1 Qd7 28. Ra7 Ke6 29. Rxd7 Kxd7 30. Qc6+ Ke7 31. b6 Ke6 32. b7 f5 33. b8=Q fxe4 34. Qbe8+ Kf5 35. Qf7+ Kg5 36. Qe7+ Kh6 37. Qcxd6 h4 38. Qdd7 Kh5 39. Qxg7 Kg5 40. g4 Kf4 41. Qdf7+ Kg5 42. Qgxg6# 1-0

[Event "Betsys MČR v online bleskovém šachu 2021"]
[Site "Chess.com"]
[Date "2021.04.17"]
[Round "3"]
[White "masterofbuzkashi"]
[Black "5265"]
[Result "0-1"]
[WhiteElo "2253"]
[BlackElo "1627"]
[TimeControl "180+1"]
[EndTime "9:27:10 PDT"]
[Termination "Uživatel 5265 zvítězil po vzdání soupeře"]

1. d4 d5 2. c4 e6 3. Nc3 c5 4. Nf3 Nc6 5. e3 Nf6 6. Be2 Bd6 7. O-O O-O 8. b3 dxc4 9. bxc4 cxd4 10. exd4 Qc7 11. h3 b6 12. Nb5 Qb8 13. a4 Bb7 14. Nxd6 Qxd6 15. Ba3 Nb4 16. Rb1 a5 17. Ne5 Rfd8 18. Bb2 Rac8 19. Rc1 Nd7 20. f4 Nxe5 21. fxe5 Qc6 22. Bf3 Qc7 23. Bxb7 Qxb7 24. Qh5 g6 25. Qf3 Qd7 26. Kh2 Rc7 27. Qb3 Rdc8 28. Rfd1 Qe7 29. d5 exd5 30. cxd5 Rxc1 31. Bxc1 Qxe5+ 32. Kh1 Nxd5 33. Bb2 Nc3 34. Bxc3 Rxc3 35. Qxb6 Re3 36. Qd8+ Kg7 37. Qd2 Re2 38. Qd4 Re1+ 39. Rxe1 Qxd4 40. Kh2 Qxa4 41.
Re7 Qb4 42. Ra7 Qb8+ 0-1

[Event "Betsys MČR v online bleskovém šachu 2021"]
[Site "Chess.com"]
[Date "2021.04.17"]
[Round "3"]
[White "Mikulas19"]
[Black "Terilka"]
[Result "1/2-1/2"]
[WhiteElo "1879"]
[BlackElo "1526"]
[TimeControl "180+1"]
[EndTime "9:27:10 PDT"]
[Termination "Remíza opakováním pozice"]

1. e4 e6 2. Nf3 d5 3. e5 c5 4.
b4 cxb4 5. a3 Nc6 6. axb4 Bxb4 7. c3 Be7 8. d4 f6 9. Bb5 Bd7 10. Bxc6 bxc6 11. h4 Qc7 12. Kf1 fxe5 13. Nxe5 Nf6 14.
Bg5 O-O 15. Nd2 c5 16. Rc1 Bb5+ 17. Kg1 Rac8 18. Ndf3 c4 19. Rh3 Ne4 20. Bxe7 Qxe7 21. Qe2 Qa3 22. Qe3 a5 23. Ng5 Nxg5 24. Qxg5 Rf5 25.
Qe3 Rcf8 26. Rf1 Qb2 27. g4 Rf4 28. g5 a4 29. Ng4 Rxg4+ 30. Kh2 a3 31. Qxe6+ Kh8 32.
Qxg4 Rxf2+ 33. Rxf2 Qxf2+ 34. Kh1 Qf1+ 35. Kh2 Qf2+ 36.
Kh1 Qf1+ 37. Kh2 Qf2+ 1/2-1/2

[Event "Betsys MČR v online bleskovém šachu 2021"]
[Site "Chess.com"]
[Date "2021.04.17"]
[Round "3"]
[White "Pekibeast"]
[Black "Mikkes33"]
[Result "1-0"]
[WhiteElo "1860"]
[BlackElo "1266"]
[TimeControl "180+1"]
[EndTime "9:27:10 PDT"]
[Termination "Uživatel Pekibeast zvítězil na čas"]

1. e4 c5 2. c3 Nc6 3. d4 d5 4. e5 cxd4 5. cxd4 Bf5 6. Bd3 Bxd3 7. Qxd3 f6 8. Nf3 e6 9. O-O Nge7 10. exf6 gxf6 11. Re1 Qd7 12. a3 Bg7 13. Nc3 O-O 14. Bf4 Rae8 15. Bg3 Ng6 16. Rad1 a6 17. Nh4 Nxh4 18.
Bxh4 b5 19. Re2 Na5 20. Rde1 Nc4 21. Qh3 f5 22. Qd3 Nd6 23. f3 Nc4 24. Bg3 Qa7 25. Bf2 Qd7 26. Bg3 Bf6 27. Be5 Bxe5 28. dxe5 Qc6 29.
f4 Rc8 30. Rf2 Rf7 31. Rf3 Rg7 32. Rg3 Rc7 33. Ne2 a5 34. Nd4 Qe8 35. Re2 b4 36.
axb4 axb4 37. Rxg7+ Rxg7 38. b3 1-0

[Event "Betsys MČR v online bleskovém šachu 2021"]
[Site "Chess.com"]
[Date "2021.04.17"]
[Round "3"]
[White "Sunnika"]
[Black "zarathutra"]
[Result "1-0"]
[WhiteElo "2316"]
[BlackElo "1823"]
[TimeControl "180+1"]
[EndTime "9:27:11 PDT"]
[Termination "Uživatel Sunnika zvítězil po vzdání soupeře"]

1. d4 Nf6 2. c4 c5 3. d5 e6 4. Nc3 exd5 5. cxd5 d6 6. Nf3 g6 7. g3 Bg7 8. Bg2 O-O 9. O-O Na6 10. Bf4 Nc7 11. a4 b6 12. Re1 Bb7 13. e4 a6 14.
Qd3 Qd7 15. Bf1 b5 16. axb5 axb5 17. Rad1 c4 18. Qc2 Na6 19. e5 dxe5 20. Nxe5 Qd8 21.
Nc6 Bxc6 22. dxc6 Qb6 23. Be3 Qc7 24. Bg2 b4 25. Nb5 Qa5 26. Qxc4 Rac8 27. Nd6 Rc7 28. Nb7 Qa4 29. Ra1 Qxa1 30. Rxa1 Nb8 31. Bf4 Rcc8 32. Bxb8 Rxb8 33. c7 Rbc8 34. Nd6 Ra8 35.
Rxa8 Rxa8 36. Bxa8 1-0

[Event "Betsys MČR v online bleskovém šachu 2021"]
[Site "Chess.com"]
[Date "2021.04.17"]
[Round "3"]
[White "pkozubik"]
[Black "polik1112"]
[Result "1-0"]
[WhiteElo "1141"]
[BlackElo "1420"]
[TimeControl "180+1"]
[EndTime "9:27:12 PDT"]
[Termination "Uživatel pkozubik zvítězil na čas"]

1. e4 e6 2. d4 d5 3. e5 c5 4. c3 Qb6 5. Nf3 Nc6 6. a4 cxd4 7. cxd4 Nge7 8. Nc3 Nf5 9. Bb5 Bd7 10. Bxc6 Bxc6 11.
O-O Be7 12. a5 Qc7 13. Bg5 O-O 14. Qd2 Rac8 15. Rfc1 Bb4 16. g4 Ne7 17. Nh4 Rfe8 18. f4 Bxa5 19. Qf2 Bb6 20. Rf1 h6 21. Bxe7 Qxe7 22.
f5 exf5 23. Qxf5 Bd7 24. Nxd5 Qxh4 25. e6 Bxe6 26. Qf4 Qxg4+ 27. Qxg4 Bxg4 28. Rae1 Bxd4+ 29. Kg2 Rxe1 30. Rxe1 Rc2+ 31. Kg3 Be6 32. Ne7+ 1-0

[Event "Betsys MČR v online bleskovém šachu 2021"]
[Site "Chess.com"]
[Date "2021.04.17"]
[Round "3"]
[White "Anyna"]
[Black "dnovotny"]
[Result "0-1"]
[WhiteElo "1172"]
[BlackElo "1780"]
[TimeControl "180+1"]
[EndTime "9:27:14 PDT"]
[Termination "Uživatel dnovotny zvítězil na čas"]

1. d4 Nf6 2. Nf3 c5 3. e3 e6 4. Bd3 d5 5. c3 b6 6. O-O Bb7 7. Nbd2 Bd6 8. Qe2 O-O 9. Re1 Re8 10. c4 Nbd7 11. cxd5 Nxd5 12. e4 Nf4 13. Qe3 cxd4 14. Nxd4 Nxd3 15. Qxd3 Nc5 16. Qe3 Qf6 17. N2f3 Nxe4 18.
Re2 Bc5 19. b3 e5 20. Bb2 exd4 21. Bxd4 Bxd4 22. Qxd4 Qxd4 23. Nxd4 Nc3 24. Rxe8+ Rxe8 25. Rc1 Nxa2 26. Ra1 Nc3 27. Rc1 Bd5 28. Nf3 Ne2+ 29. Kf1 Nxc1 0-1

[Event "Betsys MČR v online bleskovém šachu 2021"]
[Site "Chess.com"]
[Date "2021.04.17"]
[Round "3"]
[White "kubajss"]
[Black "dino5517"]
[Result "0-1"]
[WhiteElo "877"]
[BlackElo "1392"]
[TimeControl "180+1"]
[EndTime "9:27:14 PDT"]
[Termination "Uživatel dino5517 zvítězil na čas"]

1. e4 e5 2. Nf3 Nf6 3. Nc3 Bc5 4.
Bc4 Nc6 5. h3 Nd4 6. d3 Nxf3+ 7.
Qxf3 d6 8. Bg5 Be6 9. Bb3 Bxb3 10. axb3 Qe7 11. O-O O-O-O 12. Nd5 Qe6 13. Bxf6 gxf6 14. Nxf6 h5 15. Nxh5 Rdg8 16. Nf6 Rg6 17. Ng4 Kb8 18.
Rfd1 Bd4 19. c3 Bb6 20. b4 c5 21. Ra4 cxb4 22. Rxb4 Bd8 23. Ra1 b6 24. d4 exd4 25.
cxd4 Bc7 26. d5 Qe7 27. Qa3 a5 28. Rc4 Qh4 29. Qf3 Qe7 30. Rac1 Rc8 31. Qb3 Rgg8 32. Rc6 Rge8 0-1

[Event "Betsys MČR v online bleskovém šachu 2021"]
[Site "Chess.com"]
[Date "2021.04.17"]
[Round "3"]
[White "FrantisekP"]
[Black "Fafin1"]
[Result "1-0"]
[WhiteElo "1627"]
[BlackElo "1134"]
[TimeControl "180+1"]
[EndTime "9:27:15 PDT"]
[Termination "Uživatel FrantisekP zvítězil na čas"]

1. d4 d5 2. Bf4 Nc6 3. e3 Bf5 4. c3 e6 5. Bd3 Nge7 6. Nf3 g6 7. h3 Bxd3 8. Qxd3 Bg7 9. Nbd2 O-O 10. O-O a6 11.
Rfe1 b5 12. e4 dxe4 13. Qxe4 Qd7 14. Rad1 Nf5 15. Nb3 Nce7 16. Nc5 Qc8 17. Ne5 Bxe5 18. Bxe5 Nd5 19. a3 a5 20. Qc2 b4 21. axb4 axb4 22. Ra1 bxc3 23. bxc3 c6 24. Rxa8 Qxa8 25. Nd7 Rd8 26. Nf6+ Nxf6 27. Bxf6 Rd5 28. Re5 Nd6 29.
Rxd5 cxd5 30. Qd2 Ne4 31. Qf4 Qa1+ 32. Kh2 Qxc3 33. Be5 Qc2 34. Qh6 1-0

[Event "Betsys MČR v online bleskovém šachu 2021"]
[Site "Chess.com"]
[Date "2021.04.17"]
[Round "3"]
[White "Berzeger"]
[Black "TomSedmihradsky"]
[Result "0-1"]
[WhiteElo "1021"]
[BlackElo "1447"]
[TimeControl "180+1"]
[EndTime "9:27:15 PDT"]
[Termination "Uživatel TomSedmihradsky zvítězil matem"]

1. e4 e5 2. Nf3 Nc6 3. Bc4 Nf6 4. O-O Bc5 5. Nc3 d6 6. d3 Be6 7.
Bxe6 fxe6 8. Bg5 h6 9. Bh4 g5 10. Bg3 Qe7 11. Qe2 O-O-O 12. Rad1 Nh5 13. a3 Nf4 14.
Bxf4 gxf4 15. b4 Bd4 16. Nxd4 Nxd4 17. Qh5 Rdg8 18. g3 Rg5 19. Qh3 Qf7 20. Kh1 Rh5 21.
Qg2 f3 22. Qg1 Qg7 23. Rfe1 Qg4 24. Rd2 Rg8 25. Nd1 Ne2 26. Qf1 Kd7 27. Ne3 Qg5 28.
Rdxe2 fxe2 29. Rxe2 Rg6 30. Qb1 c6 31. c4 b6 32. b5 c5 33. a4 Kc7 34. Ng2 Kd7 35.
Nh4 Rxh4 36. gxh4 Qg2# 0-1

[Event "Betsys MČR v online bleskovém šachu 2021"]
[Site "Chess.com"]
[Date "2021.04.17"]
[Round "3"]
[White "VitaRasik"]
[Black "Trener-Pokrocili"]
[Result "1-0"]
[WhiteElo "2619"]
[BlackElo "2242"]
[TimeControl "180+1"]
[EndTime "9:27:17 PDT"]
[Termination "Uživatel VitaRasik zvítězil na čas"]

1. e4 g6 2. d4 Bg7 3. Nc3 a6 4. f4 d5 5. e5 h5 6. h3 Nh6 7. Be3 Nf5 8. Bf2 e6 9. Nf3 h4 10. Bd3 Bf8 11. O-O Be7 12. Ne2 Nd7 13. Qd2 b6 14. b3 Bb7 15. Rfd1 Kf8 16. c4 c5 17. Rac1 Kg7 18. cxd5 Bxd5 19. Ne1 Nxd4 20. Nxd4 cxd4 21. Bxd4 Nc5 22. Bf1 Ne4 23. Qe3 Bc5 24.
Bxc5 Nxc5 25. b4 Nd7 26. a3 a5 27. Bc4 Bxc4 28. Rxc4 Qe8 29. Rc7 Nf8 30. Nf3 axb4 31. axb4 Rc8 32. Qxb6 Rxc7 33. Qxc7 Nh7 34. Rd7 Rf8 35. b5 Qa8 36. b6 Qe4 37. Rd4 Qe3+ 38. Kh2 g5 39. fxg5 Nxg5 40. Rg4 Kh6 41. Rxh4+ Kg6 42. Rg4 f6 43. exf6 1-0

[Event "Betsys MČR v online bleskovém šachu 2021"]
[Site "Chess.com"]
[Date "2021.04.17"]
[Round "3"]
[White "petrgnojek"]
[Black "Lunaticx"]
[Result "0-1"]
[WhiteElo "2260"]
[BlackElo "3005"]
[TimeControl "180+1"]
[EndTime "9:27:18 PDT"]
[Termination "Uživatel Lunaticx zvítězil na čas"]

1. d4 Nf6 2. c4 e6 3. Nc3 Bb4 4.
Qc2 O-O 5. e4 d6 6. Nf3 Nc6 7.
Bd3 e5 8. a3 exd4 9. axb4 Nxb4 10. Qe2 Nxd3+ 11. Qxd3 dxc3 12. bxc3 Nxe4 13. O-O Nc5 14.
Qc2 h6 15. Be3 Qf6 16. Bd4 Qg6 17. Qxg6 fxg6 18. Rfe1 Bg4 19. Nh4 g5 20. Ng6 Rfe8 21. Ne7+ Kf7 22. Nd5 Rxe1+ 23. Rxe1 Ne6 24. f3 Bf5 25. g4 Nxd4 26. cxd4 Bd3 27. Re7+ Kf8 28. Rxc7 a5 29. Nb6 Ra6 30. Na4 Bc2 31. Nc3 a4 32. Rxb7 a3 33. Na2 Bd3 34. Rb4 Be2 35. Kf2 Bd1 36.
c5 Ke7 37. Ke3 Ke6 38. Rb6 Rxb6 39. cxb6 Kd7 40. Kd2 Bb3 41. Nc1 Bc4 42. Kc3 d5 43. Nb3 Kc6 44. Na1 Kxb6 45. Kb4 a2 46. Kc3 Kc6 47. Nc2 Kd6 48. Na1 g6 49. Kb2 Be2 50. Kxa2 Bxf3 51. Kb2 Bxg4 52. Kc3 Bd1 53. Kd2 Ba4 54.
Ke3 h5 55. Kf3 Kc6 56. Ke3 Kb5 57. Kd3 Kb4 58. h3 Ka3 0-1

[Event "Betsys MČR v online bleskovém šachu 2021"]
[Site "Chess.com"]
[Date "2021.04.17"]
[Round "3"]
[White "YoungMegaMind"]
[Black "tudlenudle"]
[Result "0-1"]
[WhiteElo "2251"]
[BlackElo "1920"]
[TimeControl "180+1"]
[EndTime "9:27:18 PDT"]
[Termination "Uživatel tudlenudle zvítězil po vzdání soupeře"]

1. Nf3 Nf6 2. e3 d5 3. b3 e6 4. Bb2 Be7 5. c4 O-O 6. Nc3 c5 7. cxd5 exd5 8. d4 Nc6 9. Be2 Bg4 10. dxc5 Bxc5 11. O-O a6 12. Rc1 Ba7 13. Nd4 Bxe2 14. Ncxe2 Rc8 15. Ba3 Re8 16. Nxc6 bxc6 17. Bc5 Bb8 18.
Nd4 Ne4 19. Qd3 Nxc5 20. Qf5 Qd6 21. g3 Ne6 22. Nf3 g6 23. Qd3 Nc5 24. Qd4 Ne4 25. Qa4 c5 26. Rc2 Qf6 27. Ne1 Ng5 28. h4 Ne4 29.
Ng2 d4 30. exd4 cxd4 31. Re2 Nd6 32. Rd2 Nb5 33. Qb4 Rcd8 34. a4 Nc3 35. Qa5 Qf3 36. Ne1 Qg4 37. Nd3 Ne4 38. Rdd1 Nxg3 39. fxg3 Qxg3+ 0-1

[Event "Betsys MČR v online bleskovém šachu 2021"]
[Site "Chess.com"]
[Date "2021.04.17"]
[Round "3"]
[White "g4g5g4g5"]
[Black "doktorovak"]
[Result "1/2-1/2"]
[WhiteElo "2002"]
[BlackElo "1671"]
[TimeControl "180+1"]
[EndTime "9:27:18 PDT"]
[Termination "Remíza opakováním pozice"]

1. e4 c5 2. Nf3 Nc6 3. g3 e6 4. d3 Nge7 5. Bg2 Ng6 6. O-O Be7 7. c3 O-O 8. d4 cxd4 9. cxd4 d5 10. e5 f5 11. exf6 Bxf6 12. Be3 Qb6 13. Qd2 Bd7 14. Nc3 Nge7 15. h3 Nf5 16. Rad1 Rae8 17. Na4 Qc7 18.
Nc5 b6 19. Nxd7 Qxd7 20. Rfe1 Qb7 21. a3 Qa6 22. Bf1 Qa4 23. Bd3 Nxe3 24. fxe3 Na5 25.
Rf1 Nc4 26. Qe2 Qb3 27. Rb1 e5 28. dxe5 Nxe5 29. Nxe5 Rxe5 30. Rbe1 Rfe8 31. Qd2 Bg5 32. Kg2 Rxe3 33. Qf2 d4 34. Qf5 g6 35. Qxg5 Rxe1 36. Rxe1 Rxe1 37. Qd8+ Kg7 38. Qxd4+ Kh6 39. Qf4+ Kg7 40.
Qd4+ Kh6 41. Qf4+ Kg7 42. Qd4+ 1/2-1/2

[Event "Betsys MČR v online bleskovém šachu 2021"]
[Site "Chess.com"]
[Date "2021.04.17"]
[Round "3"]
[White "MilosJi"]
[Black "horvi1"]
[Result "1-0"]
[WhiteElo "2613"]
[BlackElo "2231"]
[TimeControl "180+1"]
[EndTime "9:27:19 PDT"]
[Termination "Uživatel MilosJi zvítězil na čas"]

1. Nf3 Nf6 2. c4 e6 3. g3 d5 4. Bg2 Bd6 5. O-O O-O 6. b3 c5 7. cxd5 exd5 8. d4 Nc6 9. Nc3 a6 10. Bb2 Bg4 11. dxc5 Bxc5 12. Rc1 Ba7 13. h3 Bh5 14.
Na4 Ne4 15. g4 Bg6 16. Nd4 Rc8 17. Nxc6 bxc6 18. e3 Qh4 19. Bd4 Bb8 20. Nc5 h5 21.
Nd7 hxg4 22. Qxg4 Qxg4 23. hxg4 Rfd8 24. Nxb8 Rxb8 25. Rxc6 a5 26. Ra6 Rb5 27. Rc1 f6 28. Bf1 Rb7 29. Rxa5 Nd2 30. Be2 Be4 31. f4 Kf7 32.
Kf2 Rh8 33. Kg3 Rh6 34. Ra7 Rxa7 35. Bxa7 g5 36. Bd4 gxf4+ 37. exf4 Bg6 38. Rc7+ Ke8 39.
Bb5+ Kd8 40. Rd7+ Kc8 41. Rxd5 Ne4+ 42. Kg2 1-0

[Event "Betsys MČR v online bleskovém šachu 2021"]
[Site "Chess.com"]
[Date "2021.04.17"]
[Round "3"]
[White "BRNOTEACHER"]
[Black "tucnak64"]
[Result "1-0"]
[WhiteElo "2367"]
[BlackElo "2102"]
[TimeControl "180+1"]
[EndTime "9:27:19 PDT"]
[Termination "Uživatel BRNOTEACHER zvítězil na čas"]

1. d4 g6 2. e4 Bg7 3. c4 c6 4. Nc3 d5 5. cxd5 cxd5 6. exd5 Nf6 7. Qb3 O-O 8. Nge2 e6 9. dxe6 Bxe6 10. Qxb7 Nbd7 11.
Bf4 Nb6 12. Be5 Nc4 13. O-O-O Qa5 14. Qb5 Qxb5 15. Nxb5 Ne4 16. Bg3 Bf5 17. Nec3 Bh6+ 18. f4 Rfc8 19. Bxc4 Rxc4 20. Rhe1 Bf8 21. d5 a6 22. Nd4 Nxc3 23. bxc3 Rxc3+ 24. Kb2 Rc4 25. Nxf5 gxf5 26. d6 Rb8+ 27. Ka3 Rbb4 28. Rd3 Bg7 29. Re8+ Bf8 30. Rxf8+ Kxf8 31. Be1 Ra4+ 32. Kb3 Ke8 33.
d7+ Kd8 34. Bh4+ Kc7 35. d8=Q+ 1-0